 Dungeon Crawl Stone Soup version 0.25.1-2-g60ff931df9 (webtiles) character file.

Game seed: 10288387055039187970

1906 Delamore the Basher (level 9, -2/51 HPs)
             Began as a Gargoyle Fighter on Aug 15, 2020.
             Was an Initiate of Okawaru.
             Slain by Jujuru's ghost (13 damage)
             ... on level 7 of the Dungeon.
             The game lasted 00:06:12 (6497 turns).

Delamore the Basher (Gargoyle Fighter)              Turns: 6497, Time: 00:06:13

Health: -2/51      AC: 15    Str: 23    XL:     9   Next: 16%
Magic:  9/9        EV:  5    Int:  9    God:    Okawaru [......]
Gold:   375        SH:  9    Dex:  9    Spells: 8/8 levels left

rFire    + . .     SeeInvis .   x - +1 flail (vorpal)
rCold    . . .     Gourm    .   c - +0 kite shield
rNeg     + . .     Faith    .   u - +0 chain mail
rPois    ∞         Spirit   .   (no helmet)
rElec    +         Reflect  .   (no cloak)
rCorr    .         Harm     .   (no gloves)
MR       .....                  (no boots)
Stlth    ..........             (no amulet)
HPRegen  0.17/turn              (no ring)
MPRegen  0.11/turn              p - ring of protection from fire

@: no status effects
A: negative energy resistance 1, electricity resistance, unbreathing,
petrification resistance, rot immunity, AC +6
a: Renounce Religion


You were on level 7 of the Dungeon.
You worshipped Okawaru.
Okawaru was noncommittal.
You were near starving.

You visited 2 branches of the dungeon, and saw 8 of its levels.

You collected 375 gold pieces.

Inventory:

Hand Weapons
 a - a +0 flail
 x - a +1 vorpal flail (weapon)
Missiles
 s - 4 poisoned darts (quivered)
Armour
 c - a +0 kite shield (worn)
 u - a +0 chain mail (worn)
 z - a +0 plate armour
Jewellery
 p - a ring of protection from fire (right hand)
Wands
 b - a wand of disintegration (19)
 q - a wand of polymorph (9)
Scrolls
 e - 3 scrolls of random uselessness
 j - 5 scrolls of identify
 k - a scroll of enchant weapon
 l - a scroll of amnesia
 m - 2 scrolls of teleportation {unknown}
 n - a scroll of remove curse
 o - a scroll of blinking {unknown}
 t - a scroll of magic mapping {unknown}
 w - 2 scrolls of enchant armour {unknown}
Potions
 d - 2 potions of might
 g - 3 potions of curing
 h - 3 potions of haste
 i - a potion of cancellation {unknown}
 r - 2 potions of flight {unknown}
 v - 2 potions of degeneration
 A - 2 potions of mutation {unknown}
Comestibles
 f - 13 rations


   Skills:
 - Level 3.2 Fighting
 + Level 11.6 Maces & Flails
 - Level 3.2 Armour
 - Level 3.2 Shields


You had 8 spell levels left.
You didn't know any spells.
Your spell library was empty.

Dungeon Overview and Level Annotations

Branches:
Dungeon (7/15)             Temple (1/1) D:4

Altars:
Ashenzari
Cheibriados
Dithmenos
Elyvilon
Fedhas
Gozag
Hepliaklqana
Kikubaaqudgha
Makhleb
Nemelex Xobeh
Okawaru
Qazlal
Ru
Sif Muna
Trog
Uskayaw
Vehumet
Wu Jian
Xom
Yredelemnul
Zin
The Shining One

Shops:
D:5 }!*!

Annotations:
D:5 1 runed translucent door
D:7 Jujuru's ghost, novice DsFi


Innate Abilities, Weirdness & Mutations

You are resistant to torment.
Your stone body is resilient. (AC +6)
You are immune to poison.
You resist negative energy. (rN+)
You are resistant to electric shocks. (rElec)
You can survive without breathing.
You are immune to petrification.
You are immune to rotting.


Message History

You hit Jujuru's ghost.
Jujuru's ghost is heavily damaged.
Jujuru's ghost hits you.
Your shield prevents you from hitting Jujuru's ghost.
Jujuru's ghost is heavily damaged.
Jujuru's ghost barely misses you.
You closely miss Jujuru's ghost.
Jujuru's ghost is heavily damaged.
Jujuru's ghost hits you!
You closely miss Jujuru's ghost.
Jujuru's ghost is heavily damaged.
You block Jujuru's ghost's attack.
You sock Jujuru's ghost!
Jujuru's ghost is severely damaged.
Jujuru's ghost hits you.
* * * LOW HITPOINT WARNING * * *
You hit Jujuru's ghost but do no damage.
Jujuru's ghost is severely damaged.
Jujuru's ghost hits you!
You die...

#<###### #))#
######## ##.#
#.##.8.## #.#
#.#.[.$∩# ####.####
##.'$.$.8# #.......#
#..'._8.∩# #.......#
#..'$$..8#
#.......####..#.$.$∩#
#....^...@WZ..##∩8.##
#.......####...# ###
#.......# #........#
#..<....# #..[.....#
#......(# #........#
#.......# ##########
#########


You could see Jujuru's ghost and a centaur skeleton.

Vanquished Creatures
  A slime creature (D:7)
  Edmund (D:4)
  An orc warrior (D:6)
  A black bear (D:6)
  An ogre (D:6)
  2 centaurs (D:6)
  A big kobold (D:7)
  3 scorpions
  A howler monkey (D:6)
  2 crimson imps
  A centaur zombie (D:6)
  A jelly (D:7)
  3 hounds
  2 orc priests
  Jessica (D:2)
  4 iguanas
  Terence (D:3)
  Natasha (twice) (D:2)
  4 orc wizards
  4 worker ants
  A hound skeleton (D:6)
  3 gnolls (D:5)
  8 adders
  3 shadow imps
  4 oozes
  2 worms (D:2)
  4 leopard geckos
  8 orcs
  2 ball pythons (D:1)
  A giant cockroach (D:1)
  8 goblins
  5 hobgoblins
  12 jackals
  12 bats
  3 frilled lizards
  4 kobolds
  2 leopard gecko skeletons (D:6)
  10 rats
129 creatures vanquished.

Notes
Turn   | Place    | Note
-------+----------+-------------------------------------------
     0 | D:1      | Delamore the Gargoyle Fighter began the quest for the Orb.
     0 | D:1      | Reached XP level 1. HP: 14/14 MP: 1/1
   270 | D:1      | Reached XP level 2. HP: 19/19 MP: 2/2
   337 | D:1      | Reached skill level 3 in Maces & Flails
   505 | D:1      | Reached XP level 3. HP: 23/23 MP: 3/3
  1071 | D:2      | Noticed Natasha
  1076 | D:2      | Killed Natasha
  1076 | D:2      | Reached skill level 4 in Maces & Flails
  1076 | D:2      | Reached XP level 4. HP: 28/28 MP: 4/4
  1304 | D:2      | Noticed Natasha
  1309 | D:2      | Killed Natasha
  1365 | D:2      | Reached skill level 5 in Maces & Flails
  1365 | D:2      | Reached XP level 5. HP: 28/32 MP: 5/5
  1559 | D:2      | Found an ornate altar of the Wu Jian Council.
  1775 | D:2      | Noticed Jessica
  1783 | D:2      | Killed Jessica
  2248 | D:3      | Noticed Terence
  2263 | D:3      | Killed Terence
  2263 | D:3      | Reached skill level 6 in Maces & Flails
  2817 | D:3      | Reached XP level 6. HP: 37/37 MP: 6/6
  3197 | D:4      | Found a staircase to the Ecumenical Temple.
  3318 | Temple   | Entered the Ecumenical Temple
  3633 | D:4      | Noticed Edmund
  3653 | D:4      | Killed Edmund
  3845 | D:5      | Entered Level 5 of the Dungeon
  3848 | D:5      | Reached skill level 7 in Maces & Flails
  3860 | D:5      | HP: 1/37 [gnoll/+0 halberd (2)]
  3876 | D:5      | Reached XP level 7. HP: 26/41 MP: 7/7
  4143 | D:5      | Found Ogovuff's Distillery.
  4206 | D:5      | Reached skill level 8 in Maces & Flails
  4254 | D:5      | Found Tegy's General Store.
  4344 | D:5      | Found Fibi's Distillery.
  4355 | D:5      | Found Botoz's Gadget Shoppe.
  4528 | D:5      | Found a runed translucent door.
  4529 | D:5      | Found a white marble altar of Elyvilon.
  4530 | D:5      | Noticed an angel
  4911 | D:6      | Reached skill level 9 in Maces & Flails
  4911 | D:6      | Reached XP level 8. HP: 16/46 MP: 8/8
  5447 | D:6      | Reached skill level 10 in Maces & Flails
  5633 | D:6      | Found an iron altar of Okawaru.
  5642 | D:6      | Became a worshipper of Warmaster Okawaru
  5959 | D:6      | Found a basalt altar of Yredelemnul.
  5970 | D:6      | Noticed a profane servitor
  6140 | D:6      | Found a glowing golden altar of the Shining One.
  6332 | D:7      | Reached skill level 11 in Maces & Flails
  6340 | D:7      | Reached XP level 9. HP: 51/51 MP: 9/9
  6385 | D:7      | Found a runed translucent gate.
  6385 | D:7      | Found an opulent altar of Gozag.
  6386 | D:7      | Found a runed translucent gate.
  6387 | D:7      | Found a runed translucent gate.
  6388 | D:7      | Noticed Jujuru's ghost (novice DsFi)
  6497 | D:7      | Slain by Jujuru's ghost

Illustrated notes

Levels and vault maps discovered:
D:1:      dpeg_arrival_arbitrary_a, layout_loops_corners, feat_on_display
D:2:      layout_loops_ring, lemuel_doored_altar, glass_columns_a,
          minmay_quantized, uniq_natasha, uniq_jessica
D:3:      layout_basic, first_ration, dk_vineyard_3, minmay_ruptured,
          uniq_terence
D:4:      layout_rooms, minmay_temple_entry_glassed_door, uniq_edmund
D:5:      layout_loops_ring, serial_shops, shop, shop_statue,
          kennysheep_little_box, shop, lemuel_angel_altar
D:6:      layout_basic, grunt_temple_overflow_holy_war,
          kennysheep_okawaru_gauntlet, minmay_quadrilaterals
D:7:      layout_rooms, ebering_ghost_gozag, dk_rats_in_the_wall
Temple:   eino_narrow_crystal_temple

Skill      XL: |  1  2  3  4  5  6  7  8 |
---------------+-------------------------+-----
Maces & Flails | 3 4 5 6 7 9 11 | 11.6
Fighting       | |  3.2
Armour         | |  3.2
Shields        | |  3.2

Action                   |  1- 3 |  4- 6 |  7- 9 || total
-------------------------+-------+-------+-------++-------
Melee: Flail             |   107 |   231 |   263 ||   601
  Use: Scroll            |       |     5 |       ||     5
       Potion            |       |     5 |       ||     5
  Eat: Chunk             |     1 |     8 |     8 ||    17
Armor: Scale mail        |    71 |   122 |    90 ||   283
       Chain mail        |       |       |    39 ||    39
Dodge: Dodged            |    34 |    83 |    49 ||   166
Block: Kite shield       |    77 |   146 |    92 ||   315
